 Dungeon Crawl Stone Soup version 0.17-a0-1941-gcc30b76 (webtiles) character file.

9739 Kuldar the Eclecticist (level 11, -2/54 HPs)
             Began as a Deep Elf Wizard on Sept 30, 2015.
             Was an Elder of Vehumet.
             Slain by Rupert
             ... wielding a +5 battleaxe of flaming
              (26 damage)
             ... on level 3 of the Orcish Mines.
             The game lasted 01:30:31 (14401 turns).

Kuldar the Eclecticist (Deep Elf Wizard)           Turns: 14401, Time: 01:30:31

Health: -2/54      AC: 12    Str:  4    XL:     11   Next: 27%
Magic:  2/32       EV: 12    Int: 27    God:    Vehumet [****..]
Gold:   1532       SH:  0    Dex: 13    Spells: 8 memorised, 23 levels left

rFire  . . .     SeeInvis .     D - +0 blowgun
rCold  . . .     Clarity  .     a - +2 robe {rN+}
rNeg   + . .     SustAt   .     (no shield)
rPois  +         Gourm    .     T - +2 helmet
rElec  .         Spirit   .     (no cloak)
rCorr  .         Warding  .     z - +1 pair of gloves
rMut   .         Stasis   .     (no boots)
MR     +....                    (no amulet)
Stlth  ++........               V - +3 ring of protection
                                o - ring of poison resistance

@: somewhat resistant to hostile enchantments, unstealthy
A: no striking features
a: Renounce Religion


You were on level 3 of the Orcish Mines.
You worshipped Vehumet.
Vehumet was greatly pleased with you.
You were hungry.

You visited 3 branches of the dungeon, and saw 15 of its levels.
You also visited: Sewer and Ice Cave.

You collected 1532 gold pieces.

Inventory:

Hand weapons
 v - the +4 halberd of Equilibrium {chop, -Tele rElec rPois rF+}
   (You found it on level 9 of the Dungeon)

   It inflicts extra damage upon your enemies.
   It protects you from fire.
   It insulates you from electricity.
   It protects you from poison.
   It prevents most forms of teleportation.
 D - a +0 blowgun (weapon)
 M - a +2 short sword of protection {!*}
Missiles
 b - 44 poisoned needles (quivered)
 K - 6 curare-tipped needles
Armour
 a - a +2 robe of positive energy (worn)
 z - a +1 pair of gloves (worn)
 B - a +1 hat
 T - a +2 helmet (worn)
Magical staves
 C - an uncursed staff of cold
Jewellery
 h - an uncursed ring of positive energy
 o - a ring of poison resistance (left hand)
 V - a +3 ring of protection (right hand)
 X - an uncursed ring of protection from magic
 Y - an uncursed ring of protection from cold
 Z - an uncursed ring of protection from fire
Magical devices
 S - a wand of disintegration (0)
Scrolls
 e - 3 scrolls of magic mapping
 j - 2 scrolls of fog
 n - 9 scrolls of teleportation
 p - 2 scrolls of immolation
 q - 2 scrolls of amnesia
 x - 9 scrolls of identify
 y - a scroll of remove curse
 A - 2 scrolls of enchant armour {unknown}
 F - 2 scrolls of blinking {unknown}
 L - 2 scrolls of recharging {unknown}
Potions
 i - 5 potions of heal wounds {unknown}
 l - a potion of resistance {unknown}
 m - 6 potions of brilliance
 r - 3 potions of magic {unknown}
 t - 2 potions of haste {unknown}
 u - 3 potions of might {unknown}
 w - 4 potions of curing
 E - a potion of poison {unknown}
 H - a potion of degeneration {unknown}
 I - a potion of mutation {unknown}
 J - a potion of cancellation {unknown}
 O - a potion of berserk rage {unknown}
 P - a potion of agility {unknown}
 U - a potion of invisibility {unknown}
Books
 c - a book of Minor Magic

   Spells                             Type                      Level
   a - Magic Dart                     Conjuration                  1
   b - Blink                          Translocation                2
   c - Call Imp                       Summoning                    2
   d - Repel Missiles                 Charms/Air                   2
   e - Slow                           Hexes                        2
   f - Conjure Flame                  Conjuration/Fire             3
   g - Mephitic Cloud                 Conjuration/Poison/Air       3
 G - Sif Muna's Catalogue of Unholy Enhancements
   (You found it on level 4 of the Dungeon)

   Spells                             Type                      Level
   a - Swiftness                      Charms/Air                   2
   b - Regeneration                   Charms/Necromancy            3
   c - Spectral Weapon                Hexes/Charms                 3
   d - Haste                          Charms                       6
   e - Simulacrum                     Ice/Necromancy               6
 N - a book of Enchantments

   Spells                             Type                      Level
   a - Cause Fear                     Hexes                        4
   b - Silence                        Hexes/Air                    5
   c - Deflect Missiles               Charms/Air                   6
   d - Haste                          Charms                       6
   e - Discord                        Hexes                        8
 Q - a book of Changes

   Spells                             Type                      Level
   a - Beastly Appendage              Transmutation                1
   b - Sticks to Snakes               Transmutation                2
   c - Spider Form                    Transmutation/Poison         3
   d - Ice Form                       Ice/Transmutation            4
   e - Blade Hands                    Transmutation                5
 R - a book of Party Tricks

   Spells                             Type                      Level
   a - Summon Butterflies             Summoning                    1
   b - Apportation                    Translocation                1
   c - Tukima's Dance                 Hexes                        3
   d - Alistair's Intoxication        Transmutation/Poison         4
   e - Invisibility                   Hexes                        6
 W - a book of Maledictions

   Spells                             Type                      Level
   a - Corona                         Hexes                        1
   b - Ensorcelled Hibernation        Hexes/Ice                    2
   c - Confuse                        Hexes                        3
   d - Tukima's Dance                 Hexes                        3
   e - Dazzling Spray                 Conjuration/Hexes            3
Comestibles
 d - 4 bread rations
 f - 3 beef jerkies
 g - 8 meat rations
 k - 6 fruits


   Skills:
 - Level 2.4 Dodging
 - Level 2.4 Stealth
 * Level 15.6 Spellcasting
 * Level 13.5 Conjurations
   Level 1.1 Summonings
 - Level 1.1 Translocations


You had 23 spell levels left.
You knew the following spells:

 Your Spells              Type           Power        Failure   Level  Hunger
a - Magic Dart            Conj           ####         0%          1    None
b - Blink                 Tloc           N/A          1%          2    None
c - Repel Missiles        Chrm/Air       ###...       4%          2    None
e - Conjure Flame         Conj/Fire      ######..     1%          3    None
f - Iskenderun's Mystic   Conj           #######.     1%          4    None
h - Mephitic Cloud        Conj/Pois/Air  #####...     1%          3    None
s - Throw Flame           Conj/Fire      ######       1%          2    None
z - Apportation           Tloc           ####......   1%          1    None


Dungeon Overview and Level Annotations

Branches:
Dungeon (10/15)            Temple (1/1) D:5             Orc (4/4) D:9
    Elf (0/3) Orc:3
   Lair: D:8-11

Altars:
Ashenzari
Elyvilon
Fedhas
Gozag
Kikubaaqudgha
Makhleb
Nemelex Xobeh
Okawaru
Ru
Trog
Vehumet
Xom
Yredelemnul
Zin

Shops:
Orc:4 *

Annotations:
D:2 Grinder
D:5 Menkaure
D:9 Maud
Orc:3 Rupert


Message History

Confirm with . or Enter, or press ? or * to list all spells.
Aiming: Iskenderun's Mystic Blast
Press: ? - help, Shift-Dir - straight line, f/p - Rupert
Aim: Rupert, wielding a battleaxe of flaming and wearing a leather armour (almost dead, berserk, fast+slow, unusually strong, poisoned)
The orb of energy misses Rupert.
Rupert misses you.
Rupert rages.
Quiver which item? (- for none, * to show all) (? for menu, Esc to quit)
Quivering
b - 45 poisoned needles for blowguns.
Firing (i - inventory. (,) - cycle):
b - 45 poisoned needles (quivered)
Press: ? - help, Shift-Dir - straight line, f/p - Rupert
Aim: Rupert, wielding a battleaxe of flaming and wearing a leather armour (almost dead, berserk, fast+slow, unusually strong, poisoned)
You shoot a poisoned needle. The poisoned needle hits Rupert!
Rupert looks even sicker.
Rupert is almost dead.
You hear a splash.
Rupert is no longer moving slowly.
Rupert hits you with a battleaxe of flaming!!
Rupert burns you.
Rupert hits you with a battleaxe of flaming!!
You die...

# ## .# ## ##
... ##
.....#######
.##
#........#...##
..####....
#........#
....#..... #@.#
..).......
##@.#
)..)......
#...###
.).......#
##....####
........##
####...#.#
.........#
#†[......###
[.##.##.##
##..≈.(....#
### ...### ##
##.≈≈≈...## #.#
....##
###.≈≈≈≈..##
#.###


You could see Rupert (berserk).

Vanquished Creatures
  Snorg (Orc:3)
  Erolcha (Orc:3)
  Harold (Orc:1)
  Pikel (D:7)
  2 hill giants
  2 two-headed ogres (D:8)
  Sigmund (D:3)
  The ghost of kinazarov the Sneak, an average VSTm (D:4)
  A hungry ghost (D:8)
  A steam dragon (D:8)
  4 orc warriors
  2 sky beasts
  10 ice beasts
  5 ogres
  2 slaves (D:7)
  6 centaurs
  3 phantoms
  A necrophage (D:8)
  A wasp (D:7)
  A gnoll sergeant (D:6)
  2 big kobolds
  2 giant frogs
  4 scorpions
  A jelly (D:9)
  A killer bee (D:10)
  6 hounds
  4 crimson imps
  2 iguanas
  4 orc priests
  16 orc wizards
  8 worker ants
  A hound skeleton (D:6)
  Robin (D:3)
  9 gnolls
  18 adders
  5 white imps (IceCv)
  An ufetubus (IceCv)
  3 oozes
  An adder skeleton (D:6)
  2 adder zombies
  7 worms
  2 giant geckos
  91 orcs
  4 ball pythons
  5 giant cockroaches
  14 hobgoblins
  12 jackals
  3 quokkas
  7 bats
  16 giant newts
  2 gnoll zombies (D:2)
  18 goblins
  A jackal zombie (D:7)
  35 kobolds
  A quokka skeleton (D:7)
  4 rats
360 creatures vanquished.

Vanquished Creatures (collateral kills)
  A killer bee (D:10)
1 creature vanquished.

Vanquished Creatures (others)
  A slave (D:7)
  A white imp (IceCv)
  An ufetubus (IceCv)
  An orc (Orc:1)
  A kobold (D:4)
  A plant (D:4)
6 creatures vanquished.

Grand Total: 367 creatures vanquished

Notes
Turn   | Place    | Note
--------------------------------------------------------------
     0 | D:1      | Kuldar the Deep Elf Wizard began the quest for the Orb.
     0 | D:1      | Reached XP level 1. HP: 10/10 MP: 7/7
   377 | D:1      | Reached XP level 2. HP: 15/15 MP: 2/9
   772 | D:2      | Reached XP level 3. HP: 19/19 MP: 6/11
   776 | D:2      | Found a basalt altar of Yredelemnul.
   848 | D:2      | Reached skill level 5 in Spellcasting
  1024 | D:2      | Found a sparkling altar of Nemelex Xobeh.
  1119 | D:2      | Reached XP level 4. HP: 24/24 MP: 8/13
  1824 | D:2      | Learned a level 2 spell: Blink
  1827 | D:2      | Learned a level 2 spell: Repel Missiles
  1831 | D:2      | Learned a level 3 spell: Conjure Flame
  1835 | D:2      | Learned a level 3 spell: Mephitic Cloud
  1912 | D:3      | Reached XP level 5. HP: 28/28 MP: 0/15
  1944 | D:3      | Reached skill level 6 in Spellcasting
  2092 | D:3      | Found a glowing drain.
  2099 | Sewer    | Entered a sewer
  2634 | D:3      | Found an ancient bone altar of Kikubaaqudgha.
  2712 | D:3      | Noticed Sigmund
  3243 | D:3      | Found an iron altar of Okawaru.
  3274 | D:3      | Killed Sigmund
  3274 | D:3      | Reached skill level 7 in Spellcasting
  3274 | D:3      | Reached skill level 5 in Conjurations
  3274 | D:3      | Reached XP level 6. HP: 22/32 MP: 10/18
  3428 | D:3      | Noticed Grinder
  3538 | D:3      | Found a blossoming altar of Fedhas.
  3771 | D:3      | Noticed Robin
  3909 | D:3      | Killed Robin
  4056 | D:4      | Identified Sif Muna's Catalogue of Unholy Enhancements
  4242 | D:4      | Reached XP level 7. HP: 36/36 MP: 13/20
  4292 | D:4      | Reached skill level 8 in Spellcasting
  4590 | D:4      | Noticed kinazarov's ghost (average VSTm)
  5027 | D:4      | Killed kinazarov's ghost
  5027 | D:4      | Reached skill level 9 in Spellcasting
  5219 | D:5      | Entered Level 5 of the Dungeon
  5475 | D:5      | Found a sacrificial altar of Ru.
  5715 | D:5      | Found a staircase to the Ecumenical Temple.
  5715 | D:5      | Noticed Menkaure
  5858 | Temple   | Entered the Ecumenical Temple
  5866 | Temple   | Became a worshipper of Vehumet
  6126 | D:5      | Reached XP level 8. HP: 41/41 MP: 18/23
  6539 | D:6      | Found a radiant altar of Vehumet.
  6568 | D:6      | Reached skill level 10 in Spellcasting
  7231 | D:6      | Noticed a hill giant
  7386 | D:6      | Killed a hill giant
  7386 | D:6      | Reached skill level 11 in Spellcasting
  7386 | D:6      | Reached XP level 9. HP: 29/45 MP: 14/26
  7461 | D:6      | Learned a level 1 spell: Apportation
  7834 | D:7      | Found a radiant altar of Vehumet.
  8205 | D:7      | Noticed Pikel
  8384 | D:7      | Reached skill level 10 in Conjurations
  8387 | D:7      | Acquired Vehumet's first power
  8387 | D:7      | Offered knowledge of Sandblast by Vehumet.
  8502 | D:7      | Killed Pikel
  8502 | D:7      | Reached skill level 12 in Spellcasting
  9094 | D:8      | Reached skill level 13 in Spellcasting
  9239 | D:8      | Reached XP level 10. HP: 50/50 MP: 18/29
  9724 | D:8      | Found a shimmering altar of Xom.
 10544 | D:9      | Offered knowledge of Throw Flame by Vehumet.
 10552 | D:9      | Learned a level 2 spell: Throw Flame
 10709 | D:9      | Found a staircase to the Orcish Mines.
 11040 | D:9      | Got a translucent halberd
 11041 | D:9      | Identified the +4 halberd of Equilibrium {chop, -Tele rElec rPois rF+} (You found it on level 9 of the Dungeon)
 11056 | D:10     | Entered Level 10 of the Dungeon
 11056 | D:10     | Noticed a hill giant
 11065 | D:10     | Killed a hill giant
 11065 | D:10     | Reached skill level 14 in Spellcasting
 11219 | D:10     | Noticed Maud
 11420 | Orc:1    | Entered Level 1 of the Orcish Mines
 11586 | Orc:1    | Found a frozen archway.
 11751 | IceCv    | Entered an ice cave
 11889 | IceCv    | Noticed Hanibal's ghost (powerful KoBe)
 11989 | Orc:1    | Noticed Harold
 12107 | Orc:1    | Killed Harold
 12107 | Orc:1    | Reached skill level 15 in Spellcasting
 12128 | Orc:1    | Found a flagged portal.
 12694 | Orc:2    | Offered knowledge of Ignite Poison by Vehumet.
 13021 | Orc:2    | Acquired Vehumet's second power
 13023 | Orc:2    | Reached XP level 11. HP: 48/54 MP: 4/32
 13651 | Orc:3    | Found a staircase to the Elven Halls.
 13754 | Orc:4    | Entered Level 4 of the Orcish Mines
 13761 | Orc:4    | Offered knowledge of Iskenderun's Mystic Blast by Vehumet.
 13772 | Orc:4    | Learned a level 4 spell: Iskenderun's Mystic Blast
 13787 | Orc:4    | Found Juufra's Assorted Antiques.
 13792 | Orc:4    | Noticed an orc warlord
 13793 | Orc:4    | Noticed an orc high priest
 13914 | Orc:3    | Noticed Snorg
 13922 | Orc:3    | Killed Snorg
 14318 | Orc:3    | Noticed Erolcha
 14321 | Orc:3    | Killed Erolcha
 14321 | Orc:3    | Acquired Vehumet's third power
 14362 | Orc:3    | Paralysed by an orc sorcerer for 4 turns
 14363 | Orc:3    | Noticed Rupert
 14380 | Orc:3    | Paralysed by Rupert for 6 turns
 14401 | Orc:3    | Slain by Rupert

Vault maps used:
D:1:      dpeg_arrival_rooms_b, st_stairs_7, minmay_bisected
D:2:      nemelex_deck, lemuel_zombie_altar_yredelemnul
D:3:      kennysheep_goblin_castle, lemuel_doored_altar,
          lemuel_coloured_pillars_altar, okawaru_metal_pillars_1_2,
          lightli_sewer_entry_pipes, serial_forest,
          infiniplex_forest_lined_room_3, infiniplex_forest_end_1,
          infiniplex_forest_lined_corner, infiniplex_forest_lined_2,
          infiniplex_forest_straight_2, infiniplex_forest_clump_medium,
          uniq_grinder, uniq_sigmund
D:4:      kennysheep_kobold_camp, serial_glass, glass_columns_c,
          glass_columns_a, glass_columns_a, glass_columns_b,
          minmay_strange_pillars
D:5:      temple_green, first_bread, kennysheep_doodads, lemuel_statue_altar,
          uniq_menkaure
D:6:      kennysheep_six_static_rooms, serial_glass, glass_columns_b,
          glass_columns_a, glass_columns_a, glass_columns_c, glass_columns_a,
          glass_columns_a, glass_columns_b, glass_columns_b, glass_columns_b,
          glass_columns_b, kennysheep_small_circle
D:7:      basic_altar, uniq_pikel
D:8:      old_standard_altar
D:9:      orc_0_dummy
D:10:     due_lair_maze_entry_diamond, the_bakery, uniq_maud
Temple:   circular_temple_13
Orc:1:    portal_ice_cave_entry_ice_beasts, enter_bailey_8,
          nicolae_orc_damp_corner, uniq_harold
Orc:3:    nicolae_orc_pool_cavern, nicolae_for_you_no_charge, uniq_erolcha,
          uniq_snorg, uniq_rupert
Orc:4:    grunt_orc_gardens, grunt_orc_garden, grunt_orc_garden,
          grunt_orc_garden, grunt_orc_garden, serial_shops, shop, shop, shop,
          shop, nicolae_orc_sculptors_studio, mines4_lemuel
Sewer:    sewer_co_cracked_pipes
IceCv:    ice_cave_small_demon

Action                   |  1- 3 |  4- 6 |  7- 9 | 10-12 || total
-------------------------+-------+-------+-------+-------++-------
Melee: Dagger            |       |     2 |       |       ||     2
       Short sword       |       |       |    11 |    16 ||    27
       Halberd           |       |       |       |     2 ||     2
 Fire: Blowgun           |       |       |       |     2 ||     2
 Cast: Magic Dart        |    87 |   219 |   427 |   177 ||   910
       Mephitic Cloud    |       |    10 |    22 |    24 ||    56
       Conjure Flame     |       |    11 |    26 |    16 ||    53
       Blink             |       |       |     2 |     6 ||     8
       Repel Missiles    |       |       |     1 |       ||     1
       Throw Flame       |       |       |       |   198 ||   198
       Apportation       |       |       |       |     1 ||     1
       Iskenderun's Myst |       |       |       |    21 ||    21
Evoke: Wand              |       |       |     5 |       ||     5
  Use: Scroll            |       |       |       |    11 ||    11
  Eat: Chunk             |       |    10 |    15 |    15 ||    40
